 Dungeon Crawl Stone Soup version 0.25.1-2-g60ff931df9 (webtiles) character file.

Game seed: 14085775453592667856

1119 Martska the Fighter (level 8, -2/88 HPs)
             Began as an Ogre Hunter on Oct 17, 2020.
             Was an Initiate of Trog.
             Splashed by a jelly's acid (5 damage)
             ... on level 5 of the Dungeon.
             The game lasted 00:13:23 (7788 turns).

Martska the Fighter (Ogre Hunter)                   Turns: 7788, Time: 00:13:24

Health: -2/88      AC:  4    Str: 19    XL:     8   Next: 34%
Magic:  8/8        EV: 10    Int: 12    God:    Trog [......]
Gold:   150        SH:  5    Dex: 15    Spells: 7/7 levels left

rFire    . . .     SeeInvis .   d - +0 morningstar
rCold    . . .     Gourm    .   (no shield)
rNeg     . . .     Faith    .   b - +0 robe
rPois    .         Spirit   .   (helmet restricted)
rElec    .         Reflect  +   t - +0 cloak
rCorr    .         Harm     .   (gloves unavailable)
MR       .....                  (boots unavailable)
Stlth    ++........             s - amulet of reflection
HPRegen  0.24/turn              p - +6 ring of dexterity
MPRegen  0.11/turn              (no ring)

@: no status effects
A: large, unfitting armour, tough skin 1
a: Renounce Religion


You were on level 5 of the Dungeon.
You worshipped Trog.
Trog was noncommittal.
You were not hungry.

You visited 2 branches of the dungeon, and saw 6 of its levels.

You collected 150 gold pieces.

Inventory:

Hand Weapons
 a - a +0 short sword
 d - a +0 morningstar (weapon)
 n - a +0 club
 o - a +0 whip
 u - a +0 mace
Armour
 b - a +0 robe (worn)
 t - a +0 cloak (worn)
Jewellery
 p - a +6 ring of dexterity (left hand)
 s - an amulet of reflection (around neck)
 z - an uncursed amulet of magic regeneration {unknown}
Wands
 c - a wand of paralysis (4)
 x - a wand of disintegration (13)
 A - a wand of random effects (17)
Scrolls
 e - 3 scrolls of remove curse
 g - a scroll of magic mapping
 k - 2 scrolls of enchant armour {unknown}
 m - 9 scrolls of identify {unknown}
 r - 2 scrolls of enchant weapon {unknown}
 w - a scroll of teleportation
 y - a scroll of fear {unknown}
Potions
 h - 4 potions of curing {unknown}
 i - a potion of flight {unknown}
 j - a potion of stabbing {unknown}
 q - a potion of haste {unknown}
 v - a potion of magic {unknown}
 C - a potion of heal wounds {unknown}
Comestibles
 f - 8 rations
 B - 4 chunks of flesh


   Skills:
 * Level 8.2 Fighting
 * Level 5.1 Maces & Flails
 + Level 6.2 Throwing
 - Level 2.0 Dodging
 - Level 0.6 Stealth


You had 7 spell levels left.
You didn't know any spells.
Your spell library was empty.

Dungeon Overview and Level Annotations

Branches:
Dungeon (5/15)             Temple (1/1) D:4

Altars:
Ashenzari
Fedhas
Gozag
Okawaru
Sif Muna
Trog
Xom

Annotations:
D:3 2 transporters, nyroko's ghost, weakling TeAE
D:5 5 runed translucent doors


Innate Abilities, Weirdness & Mutations

You are too large for most types of armour.
You have tough skin. (AC +1)


Message History

Dowan casts a spell at you. The shard of ice hits you!!
* * * LOW HITPOINT WARNING * * *
You thump Dowan!
Dowan is severely wounded.
You block the crimson imp's attack.
A crimson imp comes into view.
Dowan hits you with a cursed -3 dagger.
* * * LOW HITPOINT WARNING * * *
You sock Dowan!
You kill Dowan!
Trog accepts your kill.
Trog appreciates your killing of a magic user.
The crimson imp barely misses you. The jelly hits you.
* * * LOW HITPOINT WARNING * * *
You are splashed with acid.
* * * LOW HITPOINT WARNING * * *
The crimson imp hits you but does no damage.
You hit the jelly but do no damage.
Your hands burn!
You die...

#...................###
#..#
#....#.................##
####
#....##.........5........#
....# #.......>..........#
...# .....[............#
..# .................# .#
.................## #
......J)5.)..#.## ##
......(@.....##.## .##
##...(......###..## ..#
###.......## ##..## ..#
#####..## ##....### .# #..
#### #.......## .###..
##>.......# # #..#
#.........# # #..# #####
#.........##
###..###...####
##..........


You could see a jelly and 2 crimson imps.

Vanquished Creatures
  Sigmund (D:5)
  Duvessa (D:5)
  An ice beast (D:5)
  Blork the orc (D:5)
  Dowan (D:5)
  2 scorpions (D:5)
  A centaur zombie (D:5)
  An orc priest (D:4)
  A jelly (D:5)
  Crazy Yiuf (D:2)
  A centaur skeleton (D:4)
  Ijyb (D:5)
  2 iguanas (D:4)
  4 orc wizards
  A worker ant (D:4)
  A hound skeleton (D:5)
  Robin (D:3)
  5 adders
  2 oozes
  3 worms
  A dart slug (D:3)
  2 leopard geckos
  15 orcs
  4 bats
  A giant cockroach (D:4)
  12 goblins
  14 hobgoblins
  16 jackals
  3 quokkas
  3 ball pythons
  6 frilled lizards
  5 kobolds
  11 rats
125 creatures vanquished.

Notes
Turn   | Place    | Note
-------+----------+-------------------------------------------
     0 | D:1      | Martska the Ogre Hunter began the quest for the Orb.
     0 | D:1      | Reached XP level 1. HP: 22/22 MP: 1/1
    79 | D:1      | Reached skill level 3 in Fighting
   340 | D:1      | Reached XP level 2. HP: 31/31 MP: 2/2
  1195 | D:1      | Reached XP level 3. HP: 36/37 MP: 3/3
  1611 | D:2      | Found a runed translucent door.
  1612 | D:2      | Noticed Crazy Yiuf
  1664 | D:2      | Reached skill level 1 in Maces & Flails
  2551 | D:2      | Killed Crazy Yiuf
  2551 | D:2      | Reached skill level 4 in Fighting
  2551 | D:2      | Reached XP level 4. HP: 48/48 MP: 4/4
  2770 | D:3      | Noticed Robin
  2777 | D:3      | Killed Robin
  3071 | D:3      | Reached XP level 5. HP: 53/55 MP: 5/5
  3506 | D:3      | Reached skill level 5 in Throwing
  4126 | D:3      | Found a transporter.
  4131 | D:3      | Found a transporter.
  4131 | D:3      | Noticed nyroko's ghost (weakling TeAE)
  4319 | D:3      | Reached skill level 5 in Fighting
  4319 | D:3      | Reached XP level 6. HP: 44/66 MP: 6/6
  5464 | D:4      | Reached skill level 6 in Fighting
  5698 | D:4      | Found a shattered altar of Ashenzari.
  5809 | D:4      | Found a staircase to the Ecumenical Temple.
  5837 | Temple   | Entered the Ecumenical Temple
  5843 | Temple   | Became a worshipper of Trog the Wrathful
  5856 | D:4      | Reached XP level 7. HP: 65/75 MP: 7/7
  6009 | D:5      | Entered Level 5 of the Dungeon
  6156 | D:5      | Noticed Duvessa
  6158 | D:5      | Noticed Dowan
  6159 | D:5      | Killed Duvessa
  6466 | D:5      | Reached skill level 7 in Fighting
  6888 | D:5      | Noticed Ijyb
  6947 | D:5      | Killed Ijyb
  7030 | D:5      | Found the +9 staff of Olgreb {rPois∞}
  7053 | D:5      | Noticed Sigmund
  7508 | D:5      | Killed Sigmund
  7508 | D:5      | Reached XP level 8. HP: 88/88 MP: 8/8
  7579 | D:5      | Found a shattered altar of Ashenzari.
  7697 | D:5      | Found a runed translucent door.
  7702 | D:5      | Found a runed translucent gate.
  7702 | D:5      | Found a runed translucent gate.
  7718 | D:5      | Found a runed translucent door.
  7728 | D:5      | Found a runed translucent gate.
  7768 | D:5      | Noticed Blork the orc
  7776 | D:5      | Killed Blork the orc
  7776 | D:5      | Reached skill level 8 in Fighting
  7776 | D:5      | Reached skill level 5 in Maces & Flails
  7787 | D:5      | Killed Dowan
  7787 | D:5      | HP: 3/88 [acid (4)]
  7788 | D:5      | Splashed by a jelly's acid

Illustrated notes

Levels and vault maps discovered:
D:1:      heliophobic_arrival_enchanted_forest, layout_basic
D:2:      layout_loops_corners, small_statue_intersection,
          kennysheep_pointless_box, uniq_crazy_yiuf_cottage
D:3:      corexii_shack_village, layout_basic, gammafunk_ghost_arena,
          minmay_misc_feat_x, kennysheep_generic_room_13, uniq_robin
D:4:      layout_cave_pools, ashenzari_conservatory_becter,
          minmay_temple_entry_tees, first_ration, kennysheep_boxes
D:5:      layout_cave_pods, basic_altar, minmay_guarded_unrand_staff_of_olgreb,
          uniq_pikel, uniq_sigmund, uniq_duvessa, uniq_blork_the_orc, uniq_ijyb
Temple:   nicolae_temple_the_god_donut

Skill      XL: |  1  2  3  4  5  6  7  8 |
---------------+-------------------------+-----
Fighting       | 3 4 5 6 7 8 |  8.2
Dodging        | 2 |  2.0
Maces & Flails | 1 2 3 4 5 |  5.1
Throwing       | 5 6 |  6.2
Stealth        | |  0.6

Action                   |  1- 3 |  4- 6 |  7- 9 || total
-------------------------+-------+-------+-------++-------
Melee: Short sword       |   110 |       |       ||   110
       Whip              |    32 |       |       ||    32
       Mace              |       |   260 |       ||   260
       Morningstar       |       |       |    79 ||    79
Throw: Large rock        |     2 |    16 |     7 ||    25
       Throwing net      |       |     2 |       ||     2
  Use: Scroll            |       |     4 |       ||     4
 Stab: Sleeping          |       |     1 |     1 ||     2
  Eat: Chunk             |     5 |    11 |     1 ||    17
       Ration            |       |       |     2 ||     2
Armor: Robe              |    52 |    69 |    29 ||   150
Dodge: Dodged            |    99 |   158 |    43 ||   300
Block: Other             |       |    67 |    23 ||    90
